 Dungeon Crawl Stone Soup version 0.23-a0-586-gacb4b3f (webtiles) character file.

147 theanonym the Cudgeler (level 5, -1/38 HPs)
             Began as a Mummy Warper on Dec 19, 2018.
             Slain by a leopard gecko (3 damage)
             ... on level 2 of the Dungeon.
             The game lasted 00:03:59 (2477 turns).

theanonym the Cudgeler (Mummy Warper)               Turns: 2477, Time: 00:03:59

Health: -1/38      AC: 10    Str: 16    XL:     5   Next: 7%
Magic:  9/9        EV:  4    Int: 12    God:
Gold:   130        SH:  0    Dex: 11    Spells: 9/9 levels left

rFire    x . .     SeeInvis .   a - +0 morningstar
rCold    + . .     Gourm    .   (no shield)
rNeg     + + +     Faith    .   k - +0 plate armour
rPois    ∞         Spirit   .   (no helmet)
rElec    .         Reflect  .   h - scarf {cloud immunity}
rCorr    .         Harm     .   (no gloves)
MR       .....                  (no boots)
Stlth    ..........             (no amulet)
HPRegen  0.12/turn              (no ring)
MPRegen  0.11/turn              (no ring)

@: no status effects
A: no food or potions, fire vulnerability, cold resistance 1, negative energy
resistance 3, torment resistance, unbreathing
a: no special abilities


Innate Abilities, Weirdness & Mutations

You do not eat or drink.
Your flesh is vulnerable to fire.
You are immune to poison.
Your flesh is cold resistant. (rC+)
You are immune to negative energy. (rN+++)
You are immune to unholy pain and torment.
You can survive without breathing.


   Skills:
 - Level 2.0 Fighting
 + Level 4.2 Maces & Flails
 - Level 0.7 Throwing
 - Level 0.7 Armour
 - Level 1.5 Dodging
 + Level 0.8 Shields
 - Level 2.6 Spellcasting
   Level 2.4 Translocations


You had 9 spell levels left.
You didn't know any spells.
Your spell library contained the following spells:

 Spells                   Type           Power        Failure   Level  Hunger
 Blink                    Tloc           N/A          100%        2    N/A
 Shroud of Golubria       Chrm/Tloc      #.........   100%        2    N/A
 Gell's Gravitas          Tloc           #.........   100%        3    N/A
 Lesser Beckoning         Tloc           #.........   100%        3    N/A
 Teleport Other           Tloc           #.......     100%        3    N/A
 Passage of Golubria      Tloc           N/A          100%        4    N/A

Skill      XL: |  1  2  3  4 |
---------------+-------------+-----
Maces & Flails | 2 3 4 |  4.2
Fighting       | |  2.0
Throwing       | |  0.7
Armour         | |  0.7
Dodging        | |  1.5
Shields        | |  0.8
Spellcasting   | |  2.6
Translocations | |  2.4

Action                   |  1- 3 |  4- 6 || total
-------------------------+-------+-------++-------
Melee: Mace              |   163 |       ||   163
       Morningstar       |     6 |   163 ||   169
Throw: Tomahawk          |       |     1 ||     1
  Use: Scroll            |     3 |       ||     3
Armor: Ring mail         |   112 |       ||   112
       Plate armour      |     8 |   202 ||   210
Dodge: Dodged            |   134 |    51 ||   185

Inventory:

Hand Weapons
 a - a +0 morningstar (weapon)
   (You found it on level 2 of the Dungeon)
Missiles
 b - 4 tomahawks
 e - 4 tomahawks of dispersal (quivered)
Armour
 c - a +0 helmet
   (You found it on level 3 of the Dungeon)
 d - a +0 shield
   (You found it on level 3 of the Dungeon)
 h - a scarf of cloud immunity (worn)
   (You found it on level 1 of the Dungeon)
 k - a +0 plate armour (worn)
   (You found it on level 2 of the Dungeon)
Wands
 j - a wand of paralysis (4)
   (You found it on level 2 of the Dungeon)
Scrolls
 n - a scroll of remove curse
 r - 2 scrolls of identify
 t - a scroll of teleportation {!r}
 B - 2 scrolls of blinking


You were on level 2 of the Dungeon.
You were not hungry.

You visited 1 branch of the dungeon, and saw 3 of its levels.

You collected 130 gold pieces.

Dungeon Overview and Level Annotations

Branches:
Dungeon (3/15)

Altars:
Dithmenos
Makhleb

###.....### #.#
#....#....#### #.#
..#.#####....# ##(#
)##.# ####.## #..# .##.#
#..###.## .##.###
##.##..# ##....# #.##.##
##....# #.##l# .....(#
#.#.@# ##....# #..).#
#....# ####.##.####
#..<.####....##....##
#.......#.########..####
#(.....>..# ##....#
#.......### ####.#
#.......# #.# #####...#
####.#######


You could see a leopard gecko.

Notes
Turn   | Place    | Note
-------+----------+-------------------------------------------
     0 | D:1      | theanonym the Mummy Warper began the quest for the Orb.
     0 | D:1      | Reached XP level 1. HP: 16/16 MP: 4/4
    51 | D:1      | Reached skill level 2 in Maces & Flails
   110 | D:1      | Reached XP level 2. HP: 22/22 MP: 5/5
   484 | D:1      | Reached XP level 3. HP: 24/27 MP: 7/7
   488 | D:1      | Reached skill level 3 in Maces & Flails
  1122 | D:2      | HP: 11/27 [worm (5)]
  1377 | D:2      | Reached XP level 4. HP: 29/33 MP: 8/8
  1857 | D:3      | HP: 16/33 [adder (4)]
  1863 | D:3      | HP: 7/33 [adder (1)]
  2133 | D:3      | Reached skill level 4 in Maces & Flails
  2332 | D:3      | Found a burning altar of Makhleb.
  2332 | D:3      | Found a shadowy altar of Dithmenos.
  2436 | D:3      | Reached XP level 5. HP: 21/38 MP: 9/9
  2436 | D:3      | HP: 18/38 [leopard gecko (3)]
  2470 | D:3      | HP: 14/38 [gnoll/+0 flail (7)]
  2476 | D:2      | HP: 2/38 [gnoll/+0 flail (7)]
  2477 | D:2      | Slain by a leopard gecko

Vanquished Creatures
  3 gnolls
  4 adders
  An ooze (D:1)
  A worm (D:2)
  2 dart slugs (D:2)
  A leopard gecko (D:1)
  6 orcs (D:3)
  2 giant cockroaches (D:1)
  5 hobgoblins (D:1)
  7 kobolds
  A quokka (D:2)
  2 ball pythons (D:2)
  6 bats (D:1)
  2 frilled lizards
  6 goblins
  23 rats
72 creatures vanquished.

Vanquished Creatures (others)
  An orc (D:3)
  A frilled lizard (D:1)
2 creatures vanquished.

Grand Total: 74 creatures vanquished

Table legend:
 A = Turns spent in this place as a percentage of turns spent in the entire game.
 B = Non-inter-level travel turns spent in this place as a percentage of non-inter-level travel turns spent in the entire game.
 C = Inter-level travel turns spent in this place as a percentage of turns spent in this place.
 D = Turns resting spent in this place as a percentage of non-inter-level travel turns spent in this place.
 E = Turns spent auto-exploring this place as a percentage of non-inter-level travel turns spent in this place.
 F = Non-inter-level travel turns spent in this place divided by the number of levels of this place that you've seen.
                   A       B       C       D       E      F
               +-------+-------+-------+-------+-------+----------------------
         Total | 100.0 | 100.0 |   0.9 |  33.3 |  43.6 | 818.0
       Dungeon | 100.0 | 100.0 |   0.9 |  33.3 |  43.6 | 818.0
               +-------+-------+-------+-------+-------+----------------------
